 Dungeon Sprint DCSS version 0.14-a0-519-g334afa2 (webtiles) character file.

4876 MDvedh the Scorcher (level 10, -13/82 HPs)
             Began as a Djinni Air Elementalist on Nov 2, 2013.
             Was a High Priest of Vehumet.
             Mangled by a yak (16 damage)
             ... in the Dungeon (Sprint IX: "|||||||||||||||||||||||||||||").
             The game lasted 00:08:22 (1209 turns).

MDvedh the Scorcher (Djinni Air Elementalist)       Turns: 1209, Time: 00:08:22

HP -13/82        AC  4     Str  8      XL: 10   Next: 26%
MP   0/0         EV 22     Int 19      God: Vehumet [*****.]
Gold 0           SH  0     Dex 17      Spells:  5 memorised, 15 levels left

Res.Fire  : + + +   See Invis. : .   y - +1 demon trident (pain)
Res.Cold  : x . .   Warding    : .   a - +0 robe
Life Prot.: + + +   Conserve   : .   (no shield)
Res.Poison: .       Res.Corr.  : .   (no helmet)
Res.Elec. : .       Clarity    : .   (no cloak)
Sust.Abil.: . .     Spirit.Shd : .   (no gloves)
Res.Mut.  : .       Prev.Telep.: +   (boots unavailable)
Res.Rott. : .       Flight     : .   (no amulet)
Saprovore : . . .                    n - +2 ring of protection
                                     m - +3 ring of dexterity

@: very slightly contaminated, somewhat resistant to hostile enchantments,
fairly stealthy
A: fire immunity, cold vulnerability, life protection 3
a: Renounce Religion


You were in the Dungeon.
You worshipped Vehumet.
Vehumet was extremely pleased with you.
You were not hungry.

You visited 1 branch

Inventory:

Hand weapons
 y - a +1,+1 demon trident of pain (weapon)
Armour
 a - a +0 robe (worn)
Magical devices
 l - a wand of cold (4)
Scrolls
 i - 2 scrolls of blinking
 j - 3 scrolls of remove curse
 k - 2 scrolls of amnesia
 t - 2 scrolls of enchant weapon I
 u - a scroll of enchant weapon III
 w - 2 scrolls of enchant weapon II
 x - a scroll of fog
Jewellery
 m - a +3 ring of dexterity (left hand)
 n - a +2 ring of protection (right hand)
 s - a +1 ring of protection
Potions
 c - a potion of invisibility
 d - 6 potions of curing
 e - 2 potions of cure mutation
 h - a potion of berserk rage
 q - a potion of restore abilities
Books
 b - a book of Air

   Spells                             Type                      Level
   *Shock                             Conjuration/Air              1
   Swiftness                          Charms/Air                   2
   Repel Missiles                     Charms/Air                   2
   Flight                             Charms/Air                   3
   *Static Discharge                  Conjuration/Air              3
   Lightning Bolt                     Conjuration/Air              5
Magical staves
 o - an uncursed staff of energy


   Skills:
 + Level 12.9 Dodging
 - Level 1.5 Stealth
 - Level 9.1 Spellcasting
 + Level 13.7 Conjurations
 + Level 15.2 Fire Magic
 - Level 5.9 Air Magic


You had 15 spell levels left.
You knew the following spells:

 Your Spells              Type           Power        Failure   Level  Hunger
a - Shock                 Conj/Air       ####         1%          1    None
b - Static Discharge      Conj/Air       #####...     1%          3    None
c - Flame Tongue          Conj/Fire      #####        1%          1    None
d - Stone Arrow           Conj/Erth      ####..       1%          3    None
e - Sticky Flame          Conj/Fire      ######..     1%          4    ###....


Dungeon Overview and Level Annotations

Branches:
Dungeon (1/1)

Altars:
Ashenzari
Cheibriados
Elyvilon
Fedhas
Kikubaaqudgha
Makhleb
Nemelex Xobeh
Okawaru
Sif Muna
Trog
Vehumet
Xom
Yredelemnul
Zin
the Shining One


Innate Abilities, Weirdness & Mutations

You are immune to all types of fire, even holy and hellish.
You are vulnerable to cold.
You need no food.
You have no legs.
You are immune to negative energy.


Message History

The sticky flame hits the death yak.
You kill the death yak!
Vehumet accepts your kill.
Your Fire Magic skill increases to level 15!
Casting: Sticky Flame
Confirm with . or Enter, or press ? or * to list all spells.
Aiming: Sticky Flame
Press: ? - help, Shift-Dir - straight line, f - yak
Aim: a yak (lightly wounded)
The sticky flame hits the yak.
The yak is lightly wounded.
The yak is covered in liquid flames!
The yak burns!
The yak misses you.
The yak burns!
The yak burns!
The yak burns!
The yak burns!
The yak burns!
The yak snorts and paws the ground.
The yak gores you!
You die...

#.#.#
#.#.#
#.#.#
#.#.#
#.#.#
#.#)#
#.#)#
#Y#%#
#@#%#
#.#)#
#.#.#
#.#.#
#.#.#
#.#'#
#.#.#
#.#.#
#.#.#


You could see a yak (burning).

Vanquished Creatures
  4 death yaks (D)
  A wandering mushroom (D)
  A boulder beetle (D)
  A troll (D)
  4 yaks (D)
  A wolf (D)
  2 phantoms (D)
  An ogre (D)
  2 porcupines (D)
  A centaur (D)
  3 crocodiles (D)
  A water moccasin (D)
  A giant frog (D)
  A big kobold (D)
  2 crimson imps (D)
  A hound (D)
  2 iguanas (D)
  A worker ant (D)
  An adder (D)
  A giant eyeball (D)
  A giant cockroach (D)
  2 hobgoblins (D)
  A jackal (D)
  A giant gecko zombie (D)
  A giant newt (D)
  3 goblins (D)
  A hobgoblin skeleton (D)
  A kobold (D)
  2 rats (D)
45 creatures vanquished.

Vanquished Creatures (others)
  A fungus (D)
1 creature vanquished.

Grand Total: 46 creatures vanquished

Notes
Turn   | Place    | Note
--------------------------------------------------------------
     0 | D        | MDvedh, the Djinni Air Elementalist, began the quest for the Orb.
     0 | D        | Reached XP level 1. HP: 14/14 MP: 0/0
    11 | D        | Reached skill level 4 in Air Magic
    60 | D        | Noticed a crimson imp
    60 | D        | Paralysed by a giant eyeball for 2 turns
    65 | D        | Reached XP level 2. EP: 7/22
    92 | D        | Killed a crimson imp
    92 | D        | Reached skill level 5 in Air Magic
    92 | D        | Reached XP level 3. EP: 5/29
   214 | D        | Found an iron altar of Okawaru.
   214 | D        | Found an ancient bone altar of Kikubaaqudgha.
   214 | D        | Found a snail-covered altar of Cheibriados.
   214 | D        | Found a burning altar of Makhleb.
   214 | D        | Found a glowing golden altar of the Shining One.
   214 | D        | Found a blossoming altar of Fedhas.
   214 | D        | Found a bloodstained altar of Trog.
   215 | D        | Found a sparkling altar of Nemelex Xobeh.
   216 | D        | Found a shattered altar of Ashenzari.
   217 | D        | Found a shimmering altar of Xom.
   218 | D        | Found a glowing silver altar of Zin.
   219 | D        | Found a radiant altar of Vehumet.
   220 | D        | Found a deep blue altar of Sif Muna.
   221 | D        | Found a basalt altar of Yredelemnul.
   222 | D        | Found a white marble altar of Elyvilon.
   223 | D        | Found a shattered altar of Ashenzari.
   224 | D        | Found an ancient bone altar of Kikubaaqudgha.
   228 | D        | Became a worshipper of Vehumet
   234 | D        | Learned a level 3 spell: Static Discharge
   271 | D        | Noticed a crimson imp
   271 | D        | Noticed a phantom
   271 | D        | Noticed a centaur
   276 | D        | Killed a centaur
   276 | D        | Reached skill level 6 in Spellcasting
   276 | D        | Reached XP level 4. EP: 12/39
   277 | D        | Killed a crimson imp
   277 | D        | Reached skill level 5 in Dodging
   277 | D        | Reached skill level 7 in Spellcasting
   277 | D        | Reached XP level 5. EP: 12/47
   277 | D        | Acquired Vehumet's first power
   277 | D        | Offered knowledge of Flame Tongue by Vehumet.
   287 | D        | Killed a phantom
   287 | D        | Reached skill level 9 in Spellcasting
   305 | D        | Learned a level 1 spell: Flame Tongue
   397 | D        | Noticed an ogre
   397 | D        | Noticed a phantom
   397 | D        | Noticed a worker ant
   397 | D        | Noticed a big kobold
   397 | D        | Noticed a troll
   400 | D        | Offered knowledge of Freeze by Vehumet.
   404 | D        | Killed a worker ant
   404 | D        | Reached skill level 1 in Fire Magic
   404 | D        | Reached XP level 6. EP: 11/56
   404 | D        | Killed a big kobold
   404 | D        | Reached skill level 5 in Conjurations
   407 | D        | Killed an ogre
   407 | D        | Reached skill level 5 in Fire Magic
   409 | D        | Killed a troll
   409 | D        | Acquired Vehumet's second power
   409 | D        | Reached XP level 7. EP: 42/63
   412 | D        | Killed a phantom
   641 | D        | Noticed a porcupine
   641 | D        | Noticed a water moccasin
   641 | D        | Noticed an iguana
   641 | D        | Noticed a giant frog
   641 | D        | Noticed an iguana
   641 | D        | Noticed a porcupine
   643 | D        | Offered knowledge of Stone Arrow by Vehumet.
   644 | D        | Killed a porcupine
   645 | D        | Noticed a crocodile
   646 | D        | Killed a porcupine
   646 | D        | Acquired Vehumet's third power
   648 | D        | Killed a water moccasin
   648 | D        | Killed a giant frog
   648 | D        | Reached XP level 8. EP: 52/69
   648 | D        | Killed an iguana
   651 | D        | Killed an iguana
   651 | D        | Killed a crocodile
   727 | D        | Noticed a crocodile
   735 | D        | Killed a crocodile
   735 | D        | Reached skill level 10 in Dodging
   735 | D        | Reached skill level 10 in Fire Magic
   740 | D        | Learned a level 3 spell: Stone Arrow
   783 | D        | Noticed a yak
   783 | D        | Noticed a boulder beetle
   783 | D        | Noticed a wolf
   783 | D        | Noticed a crocodile
   783 | D        | Noticed a wandering mushroom
   785 | D        | Offered knowledge of Mephitic Cloud by Vehumet.
   789 | D        | Killed a crocodile
   794 | D        | Killed a yak
   794 | D        | Reached skill level 10 in Conjurations
   794 | D        | Killed a wolf
   794 | D        | Reached skill level 11 in Fire Magic
   809 | D        | Killed a boulder beetle
  1046 | D        | Noticed a hound
  1047 | D        | Noticed a yak
  1053 | D        | Killed a hound
  1053 | D        | Offered knowledge of Sticky Flame by Vehumet.
  1053 | D        | Killed a yak
  1063 | D        | Killed a wandering mushroom
  1063 | D        | Reached skill level 12 in Fire Magic
  1063 | D        | Reached XP level 9. EP: 76/76
  1069 | D        | Learned a level 4 spell: Sticky Flame
  1075 | D        | Noticed a death yak
  1075 | D        | Noticed a yak
  1075 | D        | Noticed a death yak
  1075 | D        | Noticed a yak
  1075 | D        | Noticed a yak
  1075 | D        | Noticed a death yak
  1075 | D        | Noticed a death yak
  1080 | D        | Noticed a yak
  1080 | D        | Killed a yak
  1080 | D        | Offered knowledge of Ignite Poison by Vehumet.
  1081 | D        | Killed a yak
  1089 | D        | Killed a death yak
  1089 | D        | Reached skill level 13 in Fire Magic
  1141 | D        | Killed a death yak
  1141 | D        | Reached skill level 14 in Fire Magic
  1158 | D        | Killed a death yak
  1158 | D        | Reached XP level 10. EP: 22/82
  1191 | D        | Killed a death yak
  1191 | D        | Reached skill level 15 in Fire Magic
  1209 | D        | Mangled by a yak

Action                   |  1- 3 |  4- 6 |  7- 9 | 10-12 || total
-------------------------+-------+-------+-------+-------++-------
Melee: Unarmed           |     4 |       |       |       ||     4
       Halberd           |       |     1 |       |       ||     1
       Demon trident     |       |       |     8 |       ||     8
 Cast: Shock             |    24 |    10 |    40 |       ||    74
       Static Discharge  |     1 |     4 |     3 |       ||     8
       Stone Arrow       |       |       |     8 |       ||     8
       Sticky Flame      |       |       |     3 |     4 ||     7
Evoke: Wand              |       |       |     8 |       ||     8
  Use: Potion            |     2 |     3 |     5 |       ||    10
       Scroll            |       |       |     1 |       ||     1
